 Dungeon Sprint DCSS version bcrawl-1.15.1 (webtiles) character file.

Game seed: 10800712757157540442

729 Kerapac the Fighter (level 7, 6/80 HPs)
             Began as a Hill Orc Fighter on Oct 3, 2019.
             Was an Initiate of Okawaru.
             Quit the game in the Dungeon (Sprint II: "The Violet Keep of Menkaure").
             The game lasted 00:02:02 (457 turns).

Kerapac the Fighter (Hill Orc Fighter)               Turns: 457, Time: 00:02:02

Health: 6/80       AC:  6    Str: 21    XL:     7   Next: 73%
Magic:  7/7        EV:  7    Int:  6    God:    Okawaru [......]
Gold:   486        SH:  9    Dex: 10    Spells: 6/6 levels left

rFire    . . .     SeeInvis .   a - +0 war axe
rCold    . . .     Gourm    .   c - +0 shield
rNeg     . . .     Faith    .   b - +0 scale mail
rPois    .         Spirit   .   (no helmet)
rElec    .         Reflect  .   (no cloak)
rCorr    .         Harm     .   (no gloves)
MR       .....     NoTele   +   (no boots)
Stlth    ..........             (no amulet)
HPRegen  0.23/turn              (no ring)
MPRegen  0.10/turn              (no ring)

@: no status effects
A: [dopey 1]
a: Renounce Religion


You were in the Dungeon.
You worshipped Okawaru.
Okawaru was noncommittal.
You were not hungry.

You visited 1 branch You collected 486 gold pieces.

Inventory:

Hand Weapons
 a - a +0 war axe (weapon)
Armour
 b - a +0 scale mail (worn)
 c - a +0 shield (worn)
Scrolls
 k - a scroll of blinking
Potions
 i - 2 potions of magic
Comestibles
 f - a ration {!d}


   Skills:
 + Level 13.8 Fighting
   Level 13.8 Short Blades
   Level 13.8 Long Blades
   Level 13.8 Axes
   Level 13.8 Maces & Flails
   Level 13.8 Polearms
   Level 13.8 Staves
 - Level 3.2 Armour
 - Level 3.2 Shields
   Level 13.8 Unarmed Combat


You had 6 spell levels left.
You didn't know any spells.
Your spell library was empty.

Dungeon Overview and Level Annotations

Branches:
Dungeon (1/1)

Altars:
Cheibriados
Dithmenos
Elyvilon
Fedhas
Gozag
Hepliaklqana
Kikubaaqudgha
Lugonu
Makhleb
Nemelex Xobeh
Okawaru
Qazlal
Ru
Sif Muna
Trog
Uskayaw
Vehumet
Wu Jian
Xom
Yredelemnul
Zin
The Shining One
Beogh
Jiyva

Annotations:
D Roxanne


Innate Abilities, Weirdness & Mutations

[You are dopey. (Int -2)]


Message History

You block the polar bear's attack. x2
You slash the polar bear!
The polar bear is moderately wounded.
You slash the polar bear! The polar bear bites you!
* * * LOW HITPOINT WARNING * * *
The polar bear barely misses you. You block the polar bear's attack.
The polar bear bites you but does no damage.
The polar bear claws you.
* * * LOW HITPOINT WARNING * * *
The polar bear claws you.
* * * LOW HITPOINT WARNING * * *
You hit the polar bear.
The polar bear is moderately wounded.
You hit the polar bear but do no damage.
The polar bear bites you.
* * * LOW HITPOINT WARNING * * *
The polar bear claws you but does no damage. x2
The polar bear bites you but does no damage.
You block the polar bear's attack. The polar bear completely misses you.
Are you sure you want to abandon this character and quit the game? (Confirm with "yes".)

#....# ...# ###..## #^.#
.#▓[[($!?%!▓▓ ##..# +..#
.#▓([([?[?$▓▓ #..# #..#
h#▓!?)!)$$!▓
+..####^.##.#▓?$(![)??
#....###...##▓▓▓▓▓▓▓+▓▓
#......≈≈≈≈≈≈≈≈≈≈≈≈≈..
#≈≈§...§≈#y########+###
#≈≈≈≈§≈≈.§≈#.hch@_._#t§§#
#≈§≈≈≈§≈≈.≈#...h_._.#t§§≈#
≈≈≈≈≈≈≈≈≈≈≈#..._._._#≈§§§§#
≈≈§≈≈≈§§≈≈≈#.._._._.#§§§≈§
+#≈≈≈§≈≈≈≈≈#._._._._#≈≈§§§
##≈≈≈###≈≈#_._._._.#§§§§≈t
#≈≈#._._._..#§§≈§§≈
#≈≈#.._._._.#§§§
≈≈≈##########§


You could see 3 polar bears, a yaktaur, a hornet and 2 crocodiles.

Vanquished Creatures
  4 neqoxecs (D)
  Menkaure (D)
  4 worker ants (D)
9 creatures vanquished.

Vanquished Creatures (others)
  A crocodile (D)
1 creature vanquished.

Grand Total: 10 creatures vanquished

Notes
Turn   | Place    | Note
-------+----------+-------------------------------------------
     0 | D        | Kerapac the Hill Orc Fighter began the quest for the Orb.
     0 | D        | Reached XP level 1. HP: 20/20 MP: 1/1
     1 | D        | Noticed a worker ant
     1 | D        | Noticed a worker ant
     1 | D        | Noticed a worker ant
     1 | D        | Noticed a worker ant
     4 | D        | Killed a worker ant
     4 | D        | Reached skill level 6 in Fighting
     4 | D        | Reached XP level 2. HP: 30/30 MP: 2/2
    10 | D        | Reached skill level 7 in Fighting
    10 | D        | Reached XP level 3. HP: 24/39 MP: 3/3
    13 | D        | Reached XP level 4. HP: 27/48 MP: 4/4
    22 | D        | Reached skill level 8 in Fighting
   171 | D        | Killed a crocodile
   189 | D        | Noticed a hippogriff
   189 | D        | Noticed a hippogriff
   192 | D        | Noticed a neqoxec
   192 | D        | Noticed a neqoxec
   192 | D        | Noticed a neqoxec
   192 | D        | Noticed a neqoxec
   199 | D        | Killed a neqoxec
   199 | D        | Reached skill level 10 in Fighting
   199 | D        | Reached XP level 5. HP: 59/59 MP: 5/5
   199 | D        | Reached XP level 6. HP: 67/67 MP: 6/6
   201 | D        | Killed a neqoxec
   201 | D        | Reached skill level 11 in Fighting
   206 | D        | Killed a neqoxec
   206 | D        | Reached skill level 12 in Fighting
   206 | D        | Reached XP level 7. HP: 78/78 MP: 7/7
   214 | D        | HP: 2/78 [white imp/puff of frost[a neqoxec] (11)]
   217 | D        | Killed a neqoxec
   217 | D        | Reached skill level 13 in Fighting
   413 | D        | Noticed Roxanne
   415 | D        | Noticed Menkaure
   420 | D        | Killed Menkaure
   432 | D        | Found a snail-covered altar of Cheibriados.
   432 | D        | Found a roughly hewn altar of Beogh.
   433 | D        | Found a shadowy altar of Dithmenos.
   433 | D        | Found a viscous altar of Jiyva.
   434 | D        | Found a white marble altar of Elyvilon.
   434 | D        | Found an ancient bone altar of Kikubaaqudgha.
   435 | D        | Found a blossoming altar of Fedhas.
   435 | D        | Found a corrupted altar of Lugonu.
   435 | D        | Found a shimmering blue altar of Sif Muna.
   436 | D        | Found an opulent altar of Gozag.
   436 | D        | Found a burning altar of Makhleb.
   436 | D        | Found a bloodstained altar of Trog.
   437 | D        | Found a sparkling altar of Nemelex Xobeh.
   437 | D        | Found a hide-covered altar of Uskayaw.
   438 | D        | Found a basalt altar of Yredelemnul.
   439 | D        | Found an iron altar of Okawaru.
   439 | D        | Found a radiant altar of Vehumet.
   439 | D        | Found a glowing silver altar of Zin.
   439 | D        | Found a hazy altar of Hepliaklqana.
   439 | D        | Found a sacrificial altar of Ru.
   439 | D        | Found a shimmering altar of Xom.
   439 | D        | Noticed a hornet
   439 | D        | Noticed a polar bear
   439 | D        | Noticed a polar bear
   440 | D        | Found a stormy altar of Qazlal.
   440 | D        | Found an ornate altar of the Wu Jian Council.
   440 | D        | Found a glowing golden altar of the Shining One.
   440 | D        | Noticed a yaktaur
   440 | D        | Noticed a polar bear
   448 | D        | Became a worshipper of Warmaster Okawaru
   457 | D        | Quit the game

Skill      XL: |  1  2  3  4  5  6  7 |
---------------+----------------------+-----
Fighting       | 6 7 10 12 13 | 13.8
Short Blades   | | 13.8
Long Blades    | | 13.8
Axes           | | 13.8
Maces & Flails | | 13.8
Polearms       | | 13.8
Staves         | | 13.8
Armour         | |  3.2
Shields        | |  3.2
Unarmed Combat | | 13.8

Action                   |  1- 3 |  4- 6 |  7- 9 || total
-------------------------+-------+-------+-------++-------
Melee: War axe           |    11 |    20 |    14 ||    45
  Use: Potion            |     1 |     3 |     1 ||     5
Armor: Scale mail        |     4 |     2 |    11 ||    17
Dodge: Dodged            |     2 |     3 |    12 ||    17
Block: Shield            |     4 |    11 |     7 ||    22
